 Dungeon Crawl Stone Soup version 0.28.0-56-g4927b6849a (webtiles) character file.

Game seed: 13530645164908377661

169 Atelerd the Sneak (level 5, 0/31 HPs)
             Began as an Octopode Earth Elementalist on Jan 26, 2023.
             Killed from afar by an orc wizard (10 damage)
             ... with a puff of flame
             ... on level 3 of the Dungeon.
             The game lasted 00:01:00 (2903 turns).

Atelerd the Sneak (Octopode Earth Elementalist)     Turns: 2903, Time: 00:01:01

Health: 0/31       AC:  1    Str:  8    XL:     5   Next: 50%
Magic:  6/9        EV: 13    Int: 19    God:
Gold:   113        SH:  0    Dex: 12    Spells: 9/10 levels left

rFire   . . .      SeeInvis .   e - +0 dagger
rCold   . . .      Faith    .   (no shield)
rNeg    . . .      Spirit   .   (helmet restricted)
rPois   .          Reflect  .   (no amulet)
rElec   .          Harm     .   (no ring)
rCorr   .          Rampage  .   (no ring)
Will    .....                   (no ring)
Stlth   ++++......              (no ring)
HPRegen 0.10/turn               (no ring)
MPRegen 0.11/turn               (no ring)
                                (no ring)
                                (no ring)

@: no status effects
A: almost no armour, amphibious, 8 rings, camouflage 1, gelatinous body 1,
(nimble swimmer 1), tentacles
a: no special abilities


You were on level 3 of the Dungeon.
You visited 1 branch of the dungeon, and saw 3 of its levels.

You collected 113 gold pieces.

Inventory:

Hand Weapons
 e - a +0 dagger (weapon)
Missiles
 b - 15 stones
Scrolls
 f - a scroll of holy word {unknown}
 h - a scroll of teleportation {unknown}
Potions
 a - 4 potions of curing {unknown}
 c - a potion of might {unknown}
 d - a potion of lignification {unknown}
 g - 2 potions of brilliance {unknown}
 i - a potion of haste {unknown}


   Skills:
 - Level 2.0 Dodging
 + Level 4.5 Stealth
 + Level 3.0 Spellcasting
 + Level 2.7 Transmutations
 + Level 3.9 Earth Magic


You had 9 spell levels left.
You knew the following spells:

 Your Spells              Type           Power      Damage    Failure   Level
a - Sandblast             Erth           34%        2d9       3%          1

Your spell library contained the following spells:

 Spells                   Type           Power      Damage    Failure   Level
 Passwall                 Tmut/Erth      12%        N/A       6%          2
 Stone Arrow              Conj/Erth      20%        3d8       21%         3
 Sublimation of Blood     Necr           2%         N/A       22%         2
 Petrify                  Tmut/Erth      15%        N/A       36%         4
 Irradiate                Conj/Tmut      4%         3d15      94%         5


Dungeon Overview and Level Annotations

Branches:
Dungeon (3/15)

Altars:


Innate Abilities, Weirdness & Mutations

You cannot wear most types of armour.
You are amphibious.
You can wear up to eight rings at the same time.
Your skin changes colour to match your surroundings (Stealth+).
Your rubbery body absorbs attacks. (AC +1, EV +1)
((You are camouflaged when in or above water. (Stealth+)))
You have tentacles for arms and can constrict up to eight enemies at once.


Message History

There are monsters nearby!
You hit the orc wizard but do no damage.
Your grab misses the orc wizard.
The orc wizard hits you with a +0 dagger.
The orc hits you from afar with a +0 trident.
The blast of sand hits the orc wizard.
The orc wizard is moderately wounded.
The orc wizard points at you and mumbles some strange words.
You resist with some effort.
The orc priest begins to cast a cantrip, but forgets the words!
The orc closely misses you.
You hit the orc wizard. Your grab misses the orc wizard.
The orc wizard is heavily wounded.
The orc wizard gestures at you while chanting.
You resist with some effort. The orc barely misses you.
There are monsters nearby!
You closely miss the orc wizard. Your grab misses the orc wizard.
The orc wizard is heavily wounded.
The orc wizard barely misses you.
The orc hits you from afar with a +0 trident.
The blast of sand hits the orc wizard.
The orc wizard is heavily wounded.
The orc wizard completely misses you. The orc closely misses you.
There are monsters nearby!
You barely miss the orc wizard. Your grab misses the orc wizard.
You squeeze the orc wizard.
The orc wizard is almost dead.
The orc wizard casts a spell at you. The puff of flame misses you.
The orc closely misses you.
The blast of sand misses the orc wizard.
The orc wizard closely misses you. The orc barely misses you.
There are monsters nearby!
You barely miss the orc wizard. Your grab misses the orc wizard.
The orc wizard is almost dead.
The orc wizard casts a spell at you. The magic dart hits you!
The orc misses you.
Unknown command.
The orc wizard gestures at you while chanting.
The puff of flame hits you!
You die...

..#.##>....#
....##.....#
#.####..†..#
## #.#
#.....# .#
..# #.....#
.# ####
####### o#
...# o# ##.#
##########o#
...#
#.......@..#
##.#
#.##########
##.######.#
†.........#
###########


You could see an orc wizard.

Vanquished Creatures
  A sky beast (D:3)
  3 adders
  An adder skeleton (D:2)
  A dart slug (D:1)
  2 orcs
  4 endoplasms
  A giant cockroach (D:2)
  4 goblins
  2 hobgoblins
  6 jackals
  3 quokkas (D:2)
  3 ball pythons
  6 frilled lizards
  3 kobolds
  7 rats
47 creatures vanquished.

Notes
Turn   | Place    | Note
-------+----------+-------------------------------------------
     0 | D:1      | Atelerd the Octopode Earth Elementalist began the quest for
                  | the Orb.
     0 | D:1      | Reached XP level 1. HP: 11/11 MP: 3/3
   355 | D:1      | Reached skill level 3 in Stealth
   407 | D:1      | Reached XP level 2. HP: 17/17 MP: 3/5
   892 | D:1      | You fall into a shaft and drop 1 floor!
  1136 | D:2      | Reached XP level 3. HP: 19/21 MP: 4/6
  1382 | D:2      | Found a faded altar of an unknown god.
  2475 | D:3      | Reached XP level 4. HP: 24/27 MP: 5/7
  2676 | D:3      | Noticed a sky beast
  2683 | D:3      | Killed a sky beast
  2684 | D:3      | Reached skill level 4 in Stealth
  2684 | D:3      | Reached XP level 5. HP: 14/31 MP: 4/9
  2903 | D:3      | Killed from afar by an orc wizard

Illustrated notes

Levels and vault maps discovered:
D:1:      wander_arrival_peaceful_grave, layout_loops_corners
D:2:      layout_loops_cross, basic_ecumenical_altar
D:3:      layout_loops_cross, chequers_serial_rivers_micro_c

Skill      XL: |  1  2  3  4 |
---------------+-------------+-----
Stealth        | 3 4 |  4.5
Transmutations | 2 |  2.7
Spellcasting   | 3 |  3.0
Dodging        | |  2.0
Earth Magic    | |  3.9

Action                   |  1- 3 |  4- 6 || total
-------------------------+-------+-------++-------
Melee: Unarmed           |     6 |       ||     6
       Tentacles         |    13 |     2 ||    15
       Constrict         |     9 |     2 ||    11
       Dagger            |    25 |     9 ||    34
       Punch             |     1 |       ||     1
 Cast: Sandblast         |    41 |    12 ||    53
 Stab: Sleeping          |     1 |     1 ||     2
Armor: Skin              |     7 |       ||     7
Dodge: Dodged            |    37 |    20 ||    57
